 Dungeon Crawl Stone Soup version 0.30-a0-135-g630cfc4551 (webtiles) character file.

Game seed: 8735277238787994919

21457 LnG the Severer (level 12, -2/121 HPs)
             Began as a Hill Orc Fighter on Sept 20, 2022.
             Was a Believer of Uskayaw.
             Slain by a tengu warrior
             ... wielding a +3 glaive
              (19 damage)
             ... on level 13 of the Dungeon.
             The game lasted 01:05:08 (21451 turns).

LnG the Severer (Hill Orc Fighter)                 Turns: 21451, Time: 01:05:09

Health: -2/121     AC: 11    Str: 24    XL:     12   Next: 90%
Magic:  12/12      EV: 26    Int:  8    God:    Uskayaw [**....]
Gold:   466        SH:  5    Dex: 10    Spells: 11/11 levels left

rFire   . . .      SeeInvis .    a - +3 war axe
rCold   . . .      Faith    .    c - +0 buckler
rNeg    . . .      Spirit   .    b - +0 scale mail
rPois   +          Reflect  .    (helmet restricted)
rElec   .          Harm     .    j - +0 cloak
rCorr   .          Rampage  .    q - +0 pair of gloves
Will    .....                    (no boots)
Stlth   ++........               g - amulet of the acrobat
HPRegen 0.30/turn                w - ring of poison resistance
MPRegen 0.13/turn                s - ring of flight

@: about to teleport, acrobatic, flying
A: antennae 1, robust 1
a: Renounce Religion, Stomp, Line Pass


You were on level 13 of the Dungeon.
You worshipped Uskayaw.
Uskayaw was noncommittal.
You visited 2 branches of the dungeon, and saw 14 of its levels.

You collected 729 gold pieces.
You spent 263 gold pieces at shops.

Inventory:

Hand Weapons
 a - a +3 war axe (weapon)
 J - the +5 trident "Suclaadd" {vorpal, rF+}
   (You bought it in a shop on level 11 of the Dungeon)

   It inflicts extra damage upon your enemies.
   rF:        It protects you from fire.
Missiles
 k - 13 boomerangs (quivered)
Armour
 b - a +0 scale mail (worn)
 c - a +0 buckler (worn)
 j - a +0 cloak (worn)
 q - a +0 pair of gloves (worn)
Jewellery
 g - an amulet of the acrobat (around neck)
 s - a ring of flight (right hand)
 w - a ring of poison resistance (left hand)
 y - a ring of protection from cold
 N - an amulet of guardian spirit
Wands
 B - a wand of acid (11)
 M - a wand of flame (6)
 O - a wand of roots (3)
 P - a wand of polymorph (3)
Scrolls
 h - 2 scrolls of noise
 l - 2 scrolls of teleportation
 p - a scroll of blinking
 r - 2 scrolls of poison
 u - 5 scrolls of vulnerability
 v - 2 scrolls of silence
 C - 3 scrolls of immolation
 D - 2 scrolls of butterflies
 E - 2 scrolls of fear {unknown}
 G - a scroll of enchant armour {unknown}
 H - 2 scrolls of amnesia {unknown}
 K - a scroll of identify
 L - a scroll of summoning
 Q - a scroll of magic mapping
Potions
 d - 2 potions of might
 e - 2 potions of attraction {unknown}
 f - 5 potions of mutation
 i - 9 potions of curing
 m - 2 potions of ambrosia {unknown}
 n - 4 potions of degeneration {unknown}
 o - 3 potions of brilliance {unknown}
 t - 7 potions of heal wounds {unknown}
 x - 5 potions of flight {unknown}
 z - 2 potions of magic {unknown}
 A - 3 potions of lignification {unknown}
 F - a potion of invisibility
 I - a potion of haste {unknown}
 R - a potion of cancellation {unknown}


   Skills:
 + Level 11.4 Fighting
 + Level 16.7 Axes
 + Level 1.6 Throwing
 + Level 10.6 Armour
 + Level 4.7 Dodging
 + Level 5.9 Stealth
 + Level 7.3 Shields
 + Level 0.1 Evocations


You had 11 spell levels left.
You didn't know any spells.
Your spell library contained the following spells:

 Spells                   Type           Power      Damage    Failure   Level
 Freeze                   Ice            0%         1d3       75%         1
 Cigotuvi's Dreadful Rot  Necr/Pois/Air  0%         N/A       86%         2
 Ensorcelled Hibernation  Hex/Ice        0%         N/A       86%         2
 Passwall                 Tmut/Erth      0%         N/A       86%         2
 Poisonous Vapours        Pois/Air       0%         N/A       86%         2
 Scorch                   Fire           0%         2d5       86%         2
 Static Discharge         Conj/Air       0%         2-2/arc   86%         2
 Dazzling Flash           Conj/Hex       0%         N/A       98%         3
 Frozen Ramparts          Ice            0%         1d1       98%         3
 Swiftness                Air            0%         N/A       98%         3
 Dispel Undead            Necr           0%         3d6       100%        4
 Flame Wave               Conj/Fire      0%         2d4       100%        4
 Hailstorm                Conj/Ice       0%         3d3       100%        4
 Iskenderun's Mystic Bla  Conj/Tloc      0%         2d3       100%        4
 Agony                    Necr           0%         N/A       100%        5
 Arcjolt                  Conj/Air       0%         1d10      100%        5
 Lightning Bolt           Conj/Air       0%         1d11      100%        5
 Silence                  Hex/Air        0%         N/A       100%        5
 Death Channel            Necr           0%         N/A       100%        6
 Starburst                Conj/Fire      0%         6d3       100%        6
 Summon Cactus Giant      Summ           0%         N/A       100%        6
 Maxwell's Capacitive Co  Air            0%         ∞         100%        8


Dungeon Overview and Level Annotations

Branches:
Dungeon (13/15)            Temple (1/1) D:5            Lair (0/5) D:11
    Orc (0/2) D:10
 Vaults: D:13-14

Altars:
Ashenzari
Cheibriados
Dithmenos
Elyvilon
Fedhas
Gozag
Hepliaklqana
Kikubaaqudgha
Makhleb
Nemelex Xobeh
Okawaru
Qazlal
Ru
Sif Muna
Trog
Uskayaw
Vehumet
Wu Jian
Xom
Yredelemnul
Zin
The Shining One

Shops:
D:11 (


Innate Abilities, Weirdness & Mutations

You have a pair of small antennae on your head.
You are robust. (+10% HP)


Message History

The tengu warrior pecks you. The tengu warrior closely misses you.
You closely miss the tengu warrior.
The tengu warrior hits you with a +3 glaive!
The tengu warrior pecks you but does no damage.
The tengu warrior claws you.
You closely miss the tengu warrior. You closely miss the tengu warrior.
The tengu warrior hits you with a +3 glaive.
The tengu warrior pecks you. You block the tengu warrior's attack.
You closely miss the tengu warrior.
The tengu warrior hits you with a +3 glaive!
The tengu warrior pecks you but does no damage.
The tengu warrior claws you but does no damage.
You miss the tengu warrior. You slice the tengu warrior!!
The tengu warrior is heavily wounded.
The tengu warrior hits you with a +3 glaive!!
The tengu warrior pecks you but does no damage.
You block the tengu warrior's attack.
You barely miss the tengu warrior.
The tengu warrior is moderately wounded.
The tengu warrior hits you but does no damage.
The tengu warrior pecks you but does no damage.
The tengu warrior claws you but does no damage.
You slice the tengu warrior!!
The tengu warrior is almost dead.
The tengu warrior hits you with a +3 glaive!
* * * LOW HITPOINT WARNING * * *
You block the tengu warrior's attack. The tengu warrior claws you.
* * * LOW HITPOINT WARNING * * *
You can now pass through a line of other dancers.
As you read the scroll of teleportation, it crumbles to dust.
You feel strangely unstable.
The tengu warrior hits you with a +3 glaive!
* * * LOW HITPOINT WARNING * * *
The tengu warrior pecks you.
* * * LOW HITPOINT WARNING * * *
The tengu warrior claws you but does no damage.
The tengu warrior hits you from afar with a +3 glaive!!
You die...

##.........##.........#
#..........##.........
...........##........
.########.#......... .#
#...# ..... ## #..###
... ##...# #Q# #..#.#
#.# #.##.# #@# #.##.###
#.# #.)....# #.#
######......# #.#
............# #.#
..#####.....# #.# #..##
#.....## #.# ##..#
#......# #.# ##.#
#......# #.#


You could see a tengu warrior.

Vanquished Creatures
  2 centaur warriors (D:13)
  2 two-headed ogres
  A boulder beetle (D:11)
  A tengu warrior (D:10)
  Pikel (D:5)
  2 ugly things
  A manticore (D:11)
  3 cyclopes
  4 gargoyles
  Maggie (D:6)
  A kobold demonologist (D:10)
  5 trolls
  Grinder (D:6)
  3 slime creatures
  A shadow (D:11)
  26 yaks
  4 wraiths
  3 wyverns
  3 basilisks
  8 vampire mosquitoes
  An acid dragon (D:12)
  4 water moccasins
  An ice beast (shapeshifter) (D:13)
  7 orc warriors
  2 ice beasts
  3 black bears
  An ogre (D:5)
  2 centaurs (D:10)
  7 kobold brigands
  2 phantoms
  4 gnoll sergeants
  4 scorpions
  A necrophage (D:6)
  8 wights
  2 killer bees (D:10)
  6 howler monkeys
  An electric eel (D:10)
  A hound (D:4)
  2 gnoll boudas
  5 orc priests
  An iguana (D:4)
  3 jellies
  9 orc wizards
  24 gnolls
  10 adders
  A shadow imp (D:7)
  A white imp (D:6)
  2 ufetubi
  A worm (D:5)
  3 dart slugs
  29 orcs
  6 ball pythons
  10 bats
  10 endoplasms
  3 giant cockroaches
  5 goblins
  6 hobgoblins
  10 jackals
  29 kobolds
  A quokka (D:1)
  3 frilled lizards
  4 rats
308 creatures vanquished.

Vanquished Creatures (collateral kills)
  A two-headed ogre (D:8)
1 creature vanquished.

Vanquished Creatures (others)
  An orc (D:12)
  A bush (D:11)
  3 fungi (D:11)
  17 plants (D:11)
22 creatures vanquished.

Grand Total: 331 creatures vanquished

Notes
Turn   | Place    | Note
-------+----------+-------------------------------------------
     0 | D:1      | LnG the Hill Orc Fighter began the quest for the Orb.
     0 | D:1      | Reached XP level 1. HP: 19/19 MP: 1/1
   225 | D:1      | Reached XP level 2. HP: 27/27 MP: 2/2
   401 | D:1      | Found a faded altar of an unknown god.
   793 | D:2      | Reached XP level 3. HP: 30/33 MP: 3/3
   794 | D:2      | Reached skill level 3 in Axes
  1122 | D:2      | Reached XP level 4. HP: 22/40 MP: 4/4
  1365 | D:2      | Found a white marble altar of Elyvilon.
  1417 | D:1      | Reached skill level 4 in Axes
  1911 | D:1      | Reached XP level 5. HP: 46/46 MP: 5/5
  2337 | D:3      | Reached skill level 5 in Axes
  3559 | D:4      | Noticed a phantom
  3620 | D:3      | Reached XP level 6. HP: 28/52 MP: 6/6
  3773 | D:4      | Reached skill level 6 in Axes
  3773 | D:4      | Reached skill level 1 in Dodging
  3813 | D:4      | Found a hide-covered altar of Uskayaw.
  3813 | D:4      | Found a sparkling altar of Nemelex Xobeh.
  3813 | D:4      | Found a radiant altar of Vehumet.
  3821 | D:4      | Became a worshipper of Uskayaw the Reveller
  4010 | D:4      | Reached * piety under Uskayaw
  4013 | D:4      | Reached ** piety under Uskayaw
  4055 | D:4      | Noticed an ice beast
  4082 | D:4      | Reached *** piety under Uskayaw
  4083 | D:4      | Killed an ice beast
  4319 | D:4      | Reached XP level 7. HP: 60/60 MP: 7/7
  4327 | D:4      | Gained mutation: You are robust. (+10% HP) [potion of
                  | mutation]
  4327 | D:4      | Gained mutation: You have a pair of small antennae on your
                  | head. [potion of mutation]
  4331 | D:4      | Reached skill level 5 in Armour
  4632 | D:4      | Reached skill level 7 in Axes
  4810 | D:4      | Found a hazy altar of Hepliaklqana.
  4816 | D:4      | Found a sacrificial altar of Ru.
  4820 | D:4      | Found an iron altar of Okawaru.
  5026 | D:4      | Identified the +7 shortbow of Cheese {freeze, Str+4}
  5240 | D:4      | Reached skill level 5 in Fighting
  5242 | D:4      | Reached **** piety under Uskayaw
  5249 | D:4      | Reached skill level 1 in Stealth
  5251 | D:4      | Reached ***** piety under Uskayaw
  5610 | D:5      | Entered Level 5 of the Dungeon
  5794 | D:5      | Reached skill level 8 in Axes
  5842 | D:5      | Reached XP level 8. HP: 73/75 MP: 8/8
  6261 | D:5      | Found a staircase to the Ecumenical Temple.
  6272 | Temple   | Entered the Ecumenical Temple
  7294 | D:6      | Reached skill level 9 in Axes
  7500 | D:6      | Noticed Grinder
  7544 | D:6      | Killed Grinder
  7545 | D:6      | Reached skill level 1 in Throwing
  7728 | D:6      | Noticed Pikel
  7763 | D:5      | Killed Pikel
  7764 | D:5      | Reached skill level 10 in Axes
  7764 | D:5      | Reached XP level 9. HP: 82/85 MP: 9/9
  8155 | D:6      | Noticed Maggie
  8168 | D:6      | Killed Maggie
  9005 | D:7      | Reached skill level 11 in Axes
  9610 | D:8      | Noticed a two-headed ogre
 10530 | D:8      | Killed a two-headed ogre
 10531 | D:8      | Reached skill level 12 in Axes
 10531 | D:8      | Reached skill level 5 in Shields
 10531 | D:8      | Reached XP level 10. HP: 94/94 MP: 10/10
 10794 | D:8      | Noticed a two-headed ogre
 10803 | D:8      | Killed a two-headed ogre
 12814 | D:10     | Entered Level 10 of the Dungeon
 12814 | D:10     | Found a staircase to the Orcish Mines.
 12895 | D:9      | Reached skill level 13 in Axes
 13410 | D:9      | Reached XP level 11. HP: 92/104 MP: 11/11
 13800 | D:9      | Reached skill level 14 in Axes
 15782 | D:10     | Noticed a brown ugly thing
 15793 | D:10     | Killed a brown ugly thing
 15808 | D:10     | Noticed a tengu warrior
 15820 | D:10     | Killed a tengu warrior
 15877 | D:10     | Reached skill level 5 in Stealth
 16541 | D:11     | Reached skill level 15 in Axes
 16992 | D:11     | Noticed a cyclops
 17004 | D:11     | Killed a cyclops
 17005 | D:11     | Reached skill level 10 in Fighting
 17005 | D:11     | Reached XP level 12. HP: 75/116 MP: 12/12
 17561 | D:11     | Found a staircase to the Lair.
 17911 | D:11     | Reached skill level 10 in Armour
 18089 | D:11     | Noticed a boulder beetle
 18103 | D:11     | Killed a boulder beetle
 18530 | D:11     | Found Umach's Antique Weapon Shop.
 18550 | D:11     | Bought a slimy trident for 263 gold pieces
 18550 | D:11     | Identified the +5 trident "Suclaadd" {vorpal, rF+} (You
                  | bought it in a shop on level 11 of the Dungeon)
 18937 | D:12     | Noticed a two-headed ogre
 18943 | D:12     | Killed a two-headed ogre
 19046 | D:12     | Reached skill level 16 in Axes
 19634 | D:12     | Found a basalt altar of Yredelemnul.
 20505 | D:13     | Noticed a centaur warrior
 20870 | D:13     | Killed a centaur warrior
 21273 | D:13     | Noticed a centaur warrior
 21287 | D:13     | Killed a centaur warrior
 21437 | D:13     | Noticed a tengu warrior
 21451 | D:13     | Slain by a tengu warrior

Illustrated notes

Levels and vault maps discovered:
D:1:      spicycebolla_arrival_xxxplode, layout_loops_cross,
          dreamdust_ecumenical_altar_statues
D:2:      layout_rooms, basic_altar, minmay_cupped
D:3:      layout_basic, dk_noncrumbling_3
D:4:      minmay_diamond_boxcup, layout_basic, minitemple,
          chequers_temple_overflow_statue_of_worship, serial_co_window_serial,
          co_window_paths_a, co_window_corner_a, co_window_corner_a,
          co_window_corner_a, co_window_of_opportunity_a,
          co_window_of_opportunity_a, co_window_cross_1, co_window_paths_a,
          co_window_paths_a, co_window_unsneaky_path_a, co_window_broadway_c,
          co_window_unsneaky_path_a, co_window_of_opportunity_c,
          co_window_paths_d, glass_columns_a, glass_columns_a, glass_columns_b
D:5:      layout_rooms, lemuel_temple_firewalk_b, ebering_dispersal_statue_hall
D:6:      layout_basic, uniq_pikel, uniq_grinder, uniq_maggie
D:7:      layout_rooms
D:8:      layout_basic, serial_glass, glass_columns_b, glass_columns_b,
          item_on_display_a, minmay_strange_pillars, due_unseen_surprise,
          kennysheep_generic_room_8
D:9:      layout_basic, hangedman_incinerator
D:10:     minmay_imperfect_grid, layout_basic, fountainhead,
          chequers_mini_garden, chequers_serial_rivers_micro_d,
          kennysheep_generic_room_2
D:11:     layout_loops_ring, minmay_lair_entry_grove, serial_shops, shop
D:12:     layout_basic, yredelemnul_altar_generic
D:13:     minmay_open_boxes_in_corner, layout_rooms,
          skrybe_vaults_entry_preservation, kennysheep_potato
Temple:   compressed_dpeg_triangle_lava_temple

Skill      XL: |  1  2  3  4  5  6  7  8  9 10 11 12 |
---------------+-------------------------------------+-----
Axes           | 3 4 5 6 8 10 12 13 15 16 | 16.7
Armour         | 4 5 6 7 8 9 10 | 10.6
Fighting       | 4 5 6 7 8 10 11 | 11.4
Dodging        | 1 2 3 4 |  4.7
Shields        | 4 5 6 7 |  7.3
Stealth        | 1 2 3 4 5 |  5.9
Throwing       | 1 |  1.6
Evocations     | |  0.1

Action                   |  1- 3 |  4- 6 |  7- 9 | 10-12 || total
-------------------------+-------+-------+-------+-------++-------
Melee: War axe           |    83 |   176 |   290 |   674 ||  1223
Throw: Boomerang         |       |       |    10 |     1 ||    11
Invok: Line Pass         |       |       |     1 |       ||     1
Evoke: Wand              |       |       |       |     2 ||     2
  Use: Scroll            |       |     1 |    10 |     6 ||    17
       Potion            |       |       |     3 |       ||     3
 Stab: Paralysed         |       |     1 |     7 |    33 ||    41
       Confused          |       |       |     1 |       ||     1
       Distracted        |       |       |       |     1 ||     1
Armor: Scale mail        |    42 |    68 |   112 |   268 ||   490
Dodge: Dodged            |    39 |   129 |   163 |   373 ||   704
Block: Buckler           |    20 |    52 |    51 |   147 ||   270

Table legend: (Time is in decaauts)
 A = Elapsed time spent in this place.
 B = Non-inter-level travel time spent in this place.
 C = Inter-level travel time spent in this place.
 D = Time resting spent in this place.
 E = Time spent auto-exploring this place.
 F = Levels seen in this place.
 G = Mean time per level.
                   A        B        C        D        E       F      G
               +--------+--------+--------+--------+--------+-----+--------+
         Total |  21520 |  20396 |   1124 |   8959 |   1567 |  14 | 1537.1 |
       Dungeon |  21232 |  20124 |   1108 |   8959 |   1303 |  13 | 1633.2 |
        Temple |    287 |    271 |     16 |      0 |    264 |   1 |  287.0 |
               +--------+--------+--------+--------+--------+-----+--------+

Top non-repeatable levels by time:
    D:10: 3510 daAuts
     D:4: 2203 daAuts
    D:11: 1946 daAuts
     D:8: 1874 daAuts
     D:9: 1810 daAuts
     D:6: 1772 daAuts
     D:3: 1723 daAuts
    D:12: 1662 daAuts
     D:1: 1204 daAuts
     D:5: 1113 daAuts
     D:7: 948 daAuts
     D:2: 860 daAuts
    D:13: 602 daAuts
  Temple: 287 daAuts
